cohdb
Replays
Latest Replays
All Replays
Popular Replays
Top Player Replays
Match Explorer
How It Works
Community
CoH3 Stats
Reddit
Sign in to upload your games and track your stats! →
Sign in with Steam
Match 40583282
Unlisted
Match 40583282
Overview
Messages
Build Orders
End
Panzergrenadier Squad
Selects Panzerjäger Kommand Battlegroup
Kradschützen Motorcycle Team
Selects Blockade Equipment
250 Light Carrier
Construct Light Support Kompanie
Combat Half-tracks
Selects Tank Busters
Panzergrenadier Squad
Fire Support Elements
Panzerjäger Mechanized Group
Vehicle Survival Package
Veteran Squad Leaders
Selects Defensive Positions
Construct Panzerarmee Kommand
Pak 38 Anti-tank Gun Team
Selects Crew Shock Tactics
Pak 38 Mechanized Group
Walking Stuka Rocket Launcher
Lord Raven
Obes Etty
GeeNo
sharpshooter
0
0
Comments
sign in to comment!
No comments posted yet!